 Dungeon Crawl Stone Soup version 0.25.1-8-g42b30a86e7 (webtiles) character file.

Game seed: 15215089660042160349

147 Clowwww the Skirmisher (level 5, -3/42 HPs)
             Began as a Demonspawn Fighter on Dec 4, 2020.
             Slain by a gnoll
             ... wielding a +2 antimagic halberd
              (4 damage)
             ... on level 3 of the Dungeon.
             The game lasted 00:03:15 (2018 turns).

Clowwww the Skirmisher (Demonspawn Fighter)         Turns: 2018, Time: 00:03:16

Health: -3/42      AC:  6    Str: 17    XL:     5   Next: 7%
Magic:  0/5        EV:  7    Int: 10    God:
Gold:   160        SH:  9    Dex: 12    Spells: 4/4 levels left

rFire    . . .     SeeInvis .   a - +0 war axe
rCold    . . .     Gourm    .   c - +0 kite shield
rNeg     . . .     Faith    .   b - +0 scale mail
rPois    .         Spirit   .   (helmet restricted)
rElec    .         Reflect  .   (no cloak)
rCorr    .         Harm     .   (no gloves)
MR       .....                  (no boots)
Stlth    ..........             (no amulet)
HPRegen  0.14/turn              (no ring)
MPRegen  0.09/turn              (no ring)

@: no status effects
A: horns 2, rot immunity
a: no special abilities


You were on level 3 of the Dungeon.
You were not hungry.

You visited 1 branch of the dungeon, and saw 3 of its levels.

You collected 160 gold pieces.

Inventory:

Hand Weapons
 a - a +0 war axe (weapon)
Armour
 b - a +0 scale mail (worn)
 c - a +0 kite shield (worn)
Jewellery
 o - an uncursed ring of ice
 p - an uncursed ring of fire {unknown}
Scrolls
 e - a scroll of noise {unknown}
 g - 2 scrolls of random uselessness {unknown}
 h - a scroll of amnesia {unknown}
 j - 3 scrolls of identify {unknown}
 k - 2 scrolls of teleportation {unknown}
 l - a scroll of magic mapping {unknown}
 m - 2 scrolls of remove curse {unknown}
Potions
 d - 2 potions of might
 i - a potion of ambrosia {unknown}
 n - a potion of curing {unknown}
Comestibles
 f - 3 rations
 q - 10 chunks of flesh


   Skills:
 + Level 3.8 Fighting
 + Level 3.5 Axes
 + Level 3.2 Armour
 + Level 0.3 Dodging
 + Level 3.0 Shields


You had 4 spell levels left.
You didn't know any spells.
Your spell library was empty.

Dungeon Overview and Level Annotations

Branches:
Dungeon (3/15)

Altars:
Gozag
Vehumet
Zin

Shops:
D:3 *


Innate Abilities, Weirdness & Mutations

You have a pair of horns on your head.
You are immune to rotting.


Message History

The gnoll hits you from afar with a +0 spear.
The gnoll closely misses you. You block the gnoll's attack.
Things that are here:
a cursed -3 spear; a gnoll corpse Your shield and scale mail prevent you from hitting the gnoll.
The gnoll hits you but does no damage.
The gnoll hits you from afar with a +2 antimagic halberd!
* * * LOW HITPOINT WARNING * * *
You feel your power leaking away.
You closely miss the gnoll. The gnoll hits you but does no damage.
The gnoll hits you from afar with a +2 antimagic halberd!
* * * LOW HITPOINT WARNING * * *
You block the gnoll's attack.
You slash the gnoll!
The gnoll is severely wounded.
You block the gnoll's attack. x2
You barely miss the gnoll. You headbutt the gnoll.
You kill the gnoll!
The gnoll hits you from afar with a +2 antimagic halberd.
You die...

###########
#.........#######
#..>......†@)g..+
#........†#######
#.........#
#.[.......#
###'####### #.#
#.# #.# #.# #.#
#.# #.# #.######
#.#


You could see a gnoll.

Vanquished Creatures
  Jessica (D:3)
  3 gnolls (D:3)
  4 adders
  An ooze (D:3)
  A worm (D:2)
  5 dart slugs
  2 leopard geckos
  A ball python (D:3)
  A giant cockroach (D:3)
  4 hobgoblins
  2 jackals (D:1)
  4 bats
  5 frilled lizards
  3 goblins
  3 kobolds (D:1)
  5 rats
45 creatures vanquished.

Notes
Turn   | Place    | Note
-------+----------+-------------------------------------------
     0 | D:1      | Clowwww the Demonspawn Fighter began the quest for the Orb.
     0 | D:1      | Reached XP level 1. HP: 18/18 MP: 1/1
   276 | D:1      | Gained mutation: You have a pair of small horns on your
                  | head. [demonic ancestry]
   276 | D:1      | Reached XP level 2. HP: 22/24 MP: 2/2
  1063 | D:2      | Gained mutation: You have a pair of horns on your head.
                  | [demonic ancestry]
  1063 | D:2      | Reached XP level 3. HP: 27/29 MP: 3/3
  1425 | D:2      | Found an opulent altar of Gozag.
  1691 | D:2      | Found a radiant altar of Vehumet.
  1764 | D:3      | Found Zin's Purification Station.
  1771 | D:3      | Found a glowing silver altar of Zin.
  1781 | D:3      | Gained mutation: You are immune to rotting. [demonic
                  | ancestry]
  1781 | D:3      | Reached XP level 4. HP: 36/36 MP: 4/4
  1983 | D:3      | Noticed Jessica
  1989 | D:3      | Killed Jessica
  2013 | D:3      | Reached XP level 5. HP: 27/42 MP: 5/5
  2016 | D:3      | HP: 1/42 [gnoll/+2 antimagic halberd (10)]
  2018 | D:3      | Slain by a gnoll

Illustrated notes

Levels and vault maps discovered:
D:1:      dpeg_arrival_stonehenge_8_columns, layout_basic
D:2:      layout_basic, nicolae_overflow_hidden_temple,
          nicolae_gozag_seed_capital, grunt_decor_mini_mirrors, nrook_campfire,
          chequers_jeans
D:3:      layout_basic, lemuel_doored_altar, zin_purify, uniq_jessica

Skill      XL: |  1  2  3  4 |
---------------+-------------+-----
Axes           | 2 3 |  3.5
Armour         | 3 |  3.2
Shields        | 3 |  3.0
Fighting       | |  3.8
Dodging        | |  0.3

Action                   |  1- 3 |  4- 6 || total
-------------------------+-------+-------++-------
Melee: War axe           |    96 |    34 ||   130
       Headbutt          |    13 |     6 ||    19
  Eat: Chunk             |     3 |     1 ||     4
Armor: Scale mail        |    51 |     8 ||    59
Dodge: Dodged            |    25 |    14 ||    39
Block: Kite shield       |    37 |    23 ||    60
